 Dungeon Crawl Stone Soup version 0.29-a0-187-ga23d9638d5 (webtiles) character file.

Game seed: 2558129664235583834

52 Zeldest the Covert (level 3, -1/22 HPs)
             Began as a Vampire Delver on Feb 21, 2022.
             Slain by an orc (6 damage)
             ... on level 4 of the Dungeon.
             The game lasted 00:01:31 (179 turns).

Zeldest the Covert (Vampire Delver)                  Turns: 179, Time: 00:01:32

Health: -1/22      AC:  3    Str: 11    XL:     3   Next: 60%
Magic:  3/3        EV: 12    Int: 12    God:
Gold:   42         SH:  0    Dex: 17    Spells: 2/2 levels left

rFire   . . .      SeeInvis +   a - +0 short sword
rCold   + + .      Faith    .   (no shield)
rNeg    + + +      Spirit   .   b - +0 leather armour
rPois   ∞          Reflect  .   (no helmet)
rElec   .          Harm     .   (no cloak)
rCorr   .          Rampage  .   (no gloves)
Will    .....                   (no boots)
Stlth   ++++++....              (no amulet)
HPRegen 0.00/turn               (no ring)
MPRegen 0.08/turn               (no ring)

@: bloodless, inhibited regen
A: bloodless, fangs 3, see invisible, vampiric 2
a: Bat Form, Revivify


You were on level 4 of the Dungeon.
You visited 1 branch of the dungeon, and saw 2 of its levels.

You collected 42 gold pieces.

Inventory:

Hand Weapons
 a - a +0 short sword (weapon)
Missiles
 h - 2 poisoned darts (quivered)
Armour
 b - a +0 leather armour (worn)
Wands
 g - a wand of digging (3)
Scrolls
 c - a scroll of fog
 e - a scroll of fear
Potions
 d - a potion of berserk rage {unknown}
 f - a potion of haste


   Skills:
 - Level 2.6 Fighting
 + Level 3.5 Short Blades
 - Level 2.1 Dodging
 + Level 8.3 Stealth


You had 2 spell levels left.
You didn't know any spells.
Your spell library contained the following spells:

 Spells                   Type           Power      Damage    Failure   Level
 Animate Skeleton         Necr           0%         N/A       41%         1
 Apportation              Tloc           0%         N/A       41%         1
 Summon Small Mammal      Summ           0%         N/A       41%         1


Dungeon Overview and Level Annotations

Branches:
Dungeon (5/15)
 Temple: D:4-7

Altars:
Hepliaklqana

Annotations:
D:4 Blork the orc


Innate Abilities, Weirdness & Mutations

You do not regenerate when monsters are visible.
You are frail without blood (-20% HP).
You can heal yourself when you bite living creatures.
You are immune to poison.
You have razor-sharp teeth.
You have supernaturally acute eyesight. (SInv)
You are afflicted with vampirism and can become a bat while bloodless.


Message History

The gnoll is severely wounded.
The gnoll closely misses you.
You completely miss the gnoll.
The gnoll is severely wounded.
The gnoll misses you.
You hit the gnoll but do no damage. You bite the gnoll.
You kill the gnoll!
Things that are here:
a +0 whip; a gnoll corpse You open the door.
An orc comes into view.
It is wielding a +0 whip and wearing a +2 scale mail of fire resistance.
There is an open door here.
Blork the orc comes into view.
He is wielding a +5 vorpal scimitar.
There is an open door here.
You hit the orc but do no damage. The orc closely misses you.
You barely miss the orc. The orc closely misses you.
You closely miss the orc.
Okay, then.
Okay, then.
You hit the orc but do no damage. The orc hits you with a +0 whip.
* * * LOW HITPOINT WARNING * * *
You hit the orc but do no damage. The orc hits you but does no damage.
You completely miss the orc. The orc barely misses you.
You hit the orc.
The orc is heavily wounded.
The orc closely misses you.
You hit the orc but do no damage.
The orc is heavily wounded.
The orc barely misses you.
You hit the orc but do no damage.
The orc is heavily wounded.
The orc hits you with a +0 whip.
* * * LOW HITPOINT WARNING * * *
You hit the orc.
The orc is almost dead.
The orc barely misses you.
You closely miss the orc.
The orc is severely wounded.
The orc hits you with a +0 whip.
You die...

#).........# *
#..........####### *
****######..........(#****
#,,,,,.# #...........+,,,*
#.###*.# #.>.........#**,*
#.#..#.* #.)....[....# *,*
#......* #...........# *,*
#.....####...######### *,*
#.....'.o@...# *,*
#.....####.#.#**********,*
#..............,,,,,,,,,,*
#......###.#.###**********
####.#.# #.#.# * #.*o#
#.#.# * #.*.# #.#.# *
#.*.# #.#,* #.*.#**,*,*


You could see an orc.

Vanquished Creatures
  A jelly (D:5)
  A hound skeleton (D:4)
  A gnoll (D:4)
  A giant cockroach (D:4)
4 creatures vanquished.

Notes
Turn   | Place    | Note
-------+----------+-------------------------------------------
     0 | D:5      | Zeldest the Vampire Delver began the quest for the Orb.
     0 | D:5      | Reached XP level 1. HP: 17/17 MP: 1/1
    35 | D:4      | Identified the +0 plate armour of Wonderful Surprise {rN+
                  | Str+3}
    69 | D:4      | Reached XP level 2. HP: 17/18 MP: 2/2
   110 | D:5      | Reached skill level 8 in Stealth
   110 | D:5      | Gained mutation: You are afflicted with vampirism and can
                  | become a bat while bloodless. [Vampire growth]
   110 | D:5      | Reached XP level 3. HP: 22/22 MP: 3/3
   114 | D:5      | Found a hazy altar of Hepliaklqana.
   162 | D:4      | Noticed Blork the orc
   179 | D:4      | Slain by an orc

Illustrated notes

Levels and vault maps discovered:
D:4:      layout_basic, gammafunk_ghost_necromancy, uniq_blork_the_orc
D:5:      layout_loops_ring, nzn_hepliaklqana_mist_gate, minmay_misc_feat_x

Skill      XL: |  1  2 |
---------------+-------+-----
Short Blades   | 3 |  3.5
Stealth        | 8 |  8.3
Fighting       | |  2.6
Dodging        | |  2.1

Action                   || total
-------------------------++-------
Melee: Short sword       ||    24
       Bite              ||     3
 Abil: Exsanguinate      ||     1
  Use: Scroll            ||     1
 Stab: Sleeping          ||     1
Armor: Leather armour    ||     3
Dodge: Dodged            ||    13

Table legend: (Time is in decaauts)
 A = Elapsed time spent in this place.
 B = Non-inter-level travel time spent in this place.
 C = Inter-level travel time spent in this place.
 D = Time resting spent in this place.
 E = Time spent auto-exploring this place.
 F = Levels seen in this place.
 G = Mean time per level.
                   A        B        C        D        E       F      G
               +--------+--------+--------+--------+--------+-----+--------+
         Total |    178 |    178 |      0 |      0 |      0 |   2 |   89.0 |
       Dungeon |    178 |    178 |      0 |      0 |      0 |   2 |   89.0 |
               +--------+--------+--------+--------+--------+-----+--------+

Top non-repeatable levels by time:
     D:4: 101 daAuts
     D:5: 77 daAuts
